 Dungeon Crawl Stone Soup version 0.29.1-12-g30fa7ad0bf (webtiles) character file.

Game seed: 2681647241394778904

23 CaptainMV the Covered (level 3, -2/26 HPs)
             Began as a Human Wanderer on Dec 13, 2022.
             Slain by a gnoll
             ... wielding a +0 club
              (8 damage)
             ... on level 2 of the Dungeon.
             The game lasted 00:10:34 (1571 turns).

CaptainMV the Covered (Human Wanderer)              Turns: 1571, Time: 00:10:34

Health: -2/26      AC:  5    Str:  9    XL:     3   Next: 12%
Magic:  5/6        EV: 10    Int: 18    God:
Gold:   43         SH:  0    Dex: 11    Spells: 4/6 levels left

rFire   + . .      SeeInvis .   i - staff of fire
rCold   . . .      Faith    .   (no shield)
rNeg    . . .      Spirit   .   d - +0 ring mail
rPois   .          Reflect  .   (no helmet)
rElec   .          Harm     .   (no cloak)
rCorr   .          Rampage  .   (no gloves)
Will    .....                   (no boots)
Stlth   +.........              (no amulet)
HPRegen 0.08/turn               (no ring)
MPRegen 0.10/turn               (no ring)

@: no status effects
A: no striking features
a: no special abilities


You were on level 2 of the Dungeon.
You visited 1 branch of the dungeon, and saw 2 of its levels.

You collected 43 gold pieces.

Inventory:

Hand Weapons
 a - a +0 dagger
Missiles
 c - a datura-tipped dart (quivered)
Armour
 d - a +0 ring mail (worn)
Magical Staves
 i - a staff of fire (weapon)
Scrolls
 e - 2 scrolls of blinking
 f - a scroll of teleportation {unknown}
 l - a scroll of identify {unknown}
Potions
 g - a potion of flight {unknown}
 h - a potion of cancellation {unknown}
 j - a potion of curing {unknown}
 k - a potion of might {unknown}


   Skills:
 + Level 1.1 Fighting
 + Level 0.5 Short Blades
 + Level 0.8 Staves
 + Level 0.1 Throwing
 + Level 2.3 Armour
 + Level 1.0 Dodging
 + Level 2.0 Stealth
 + Level 2.2 Spellcasting
 + Level 2.2 Air Magic


You had 4 spell levels left.
You knew the following spells:

 Your Spells              Type           Power      Damage    Failure   Level
a - Static Discharge      Conj/Air       6%         3-4/arc   41%         2

Your spell library contained the following spells:

 Spells                   Type           Power      Damage    Failure   Level
 Poisonous Vapours        Pois/Air       12%        N/A       41%         2
 Dispel Undead            Necr           2%         3d7       99%         4
 Sticky Flame             Conj/Fire      3%         2d3       99%         4


Dungeon Overview and Level Annotations

Branches:
Dungeon (2/15)

Altars:


Message History

Confirm with . or Enter, or press ? or * to list all spells.
The spell is quite dangerous to miscast (41% risk of failure)!
Continue anyway?
You miscast Static Discharge.
You are very lightly contaminated with residual magic.
Nothing appears to happen.
The gnoll hits you with a +0 club.
Throw: 2 darts (atropa)
Press: ? - help, Q - select action, (/) - cycle Shift-Dir - straight line, f - gnoll
Aim: a gnoll, wielding a +0 club (58% to hit, chance to blind on hit: 100%)
You throw an atropa-tipped dart.
The atropa-tipped dart barely misses the gnoll.
The gnoll barely misses you. The gnoll hits you with a +0 club.
Throw: dart (atropa)
Press: ? - help, Q - select action, (/) - cycle Shift-Dir - straight line, f/p - gnoll
Aim: a gnoll, wielding a +0 club (58% to hit, chance to blind on hit: 100%)
You throw an atropa-tipped dart. The atropa-tipped dart hits the gnoll.
The gnoll appears confused.
The gnoll hits you from afar with a +0 halberd.
The gnoll barely misses you.
You strike the helpless gnoll from behind!
You hit the gnoll but do no damage.
The gnoll seems less confused.
You hit the gnoll.
The gnoll is moderately wounded.
The gnoll is no longer blind.
The gnoll hits you with a +0 club.
* * * LOW HITPOINT WARNING * * *
You hit the gnoll.
The gnoll is moderately wounded.
The gnoll barely misses you.
The gnoll hits you but does no damage. x3
Your magical contamination has completely faded away.
You hit the gnoll.
The gnoll is moderately wounded.
The gnoll closely misses you.
The gnoll hits you from afar with a +0 halberd.
* * * LOW HITPOINT WARNING * * *
You closely miss the gnoll.
The gnoll is moderately wounded.
The gnoll completely misses you. The gnoll hits you but does no damage.
You closely miss the gnoll.
The gnoll is moderately wounded.
The gnoll barely misses you. The gnoll hits you with a +0 club!
You die...

#########
?...g.gg#
###########g#
..........#@#
........#...#
#######.#####
#.# #.# #.# #
#.# # #.# #
#.#


You could see 3 gnolls.

Vanquished Creatures
  A dart slug (D:1)
  3 ball pythons (D:1)
  3 endoplasms (D:1)
  4 hobgoblins
  2 quokkas (D:1)
  A bat (D:1)
  2 frilled lizards (D:1)
  A goblin (D:1)
  A kobold (D:2)
  2 rats
20 creatures vanquished.

Notes
Turn   | Place    | Note
-------+----------+-------------------------------------------
     0 | D:1      | CaptainMV the Human Wanderer began the quest for the Orb.
     0 | D:1      | CaptainMV set off with the following items: a +0 dagger, 2
                  | atropa-tipped darts, a datura-tipped dart, a +0 ring mail,
                  | a scroll of blinking; and the following spells available to
                  | memorise: Poisonous Vapours, Static Discharge.
     0 | D:1      | Reached XP level 1. HP: 15/15 MP: 3/3
   172 | D:1      | Reached XP level 2. HP: 21/21 MP: 5/5
   196 | D:1      | Found a faded altar of an unknown god.
   573 | D:1      | Learned a level 2 spell: Static Discharge
  1087 | D:1      | Reached XP level 3. HP: 21/26 MP: 6/6
  1215 | D:2      | HP: 1/26 [hobgoblin (2)]
  1571 | D:2      | Slain by a gnoll

Illustrated notes

Levels and vault maps discovered:
D:1:      dpeg_arrival_pits, layout_loops_ring,
          hellmonk_ecumenical_altar_inner_sanctum
D:2:      layout_basic, serial_shops, nicolae_shop_stone, uniq_robin,
          uniq_natasha

Action                   || total
-------------------------++-------
Melee: Dagger            ||    31
       Punch             ||     2
       Staff             ||    85
Throw: Dart              ||     5
 Stab: Invisible         ||     1
Armor: Ring mail         ||    55
Dodge: Dodged            ||    83
